 Dungeon Sprint DCSS version 0.22.1-2-g9c5b331383 (webtiles) character file.

175955 Groucho the Heavyweight Champion (level 16, -8/188 HPs)
             Began as a Troll Berserker on Nov 14, 2018.
             Was the Champion of Trog.
             Mangled by Mennas
             ... wielding a +3 eudemon blade of holy wrath
              (14 damage)
             ... in the Dungeon (Sprint IX: "|||||||||||||||||||||||||||||") on Nov 15, 2018.
             The game lasted 00:26:27 (7386 turns).

Groucho the Heavyweight Champion (Troll Berserker)  Turns: 7386, Time: 00:26:29

Health: -8/188     AC: 24    Str: 29    XL:     16   Next: 10%
Magic:  15/15      EV: 19    Int:  3    God:    Trog [******]
Gold:   1403       SH:  0    Dex: 14    Spells: 15/15 levels left

rFire    + + .     SeeInvis .     - Unarmed
rCold    + . .     Gourm    +   (no shield)
rNeg     . . .     Faith    .   i - +2 fire dragon scales
rPois    .         Spirit   .   A - +1 hat
rElec    .         Reflect  .   v - +2 cloak {+Inv}
rCorr    .         Harm     .   (gloves unavailable)
MR       +++..     NoTele   +   (boots unavailable)
Stlth    ..........             z - amulet of regeneration
HPRegen  2.21/turn              u - ring of protection from cold
MPRegen  0.14/turn              s - ring of protection from cold

@: berserk cooldown, regenerating, hasted and slowed, glowing, silenced
A: large, unfitting armour, claws 3, fast metabolism 3, gourmand, regeneration
1, shaggy fur 1, tough skin 2
}: 4/17 runes: decaying, serpentine, barnacled, gossamer
a: Renounce Religion, Evoke Invisibility


You were in the Dungeon.
You worshipped Trog.
Trog was exalted by your worship.
You were full.

You visited 1 branch You collected 1911 gold pieces.
You spent 508 gold pieces at shops.

Inventory:

Hand Weapons
 h - the +9 giant spiked club of Absolution {drain, +Inv Str+6, unknown}
   (Trog gifted it to you in the Dungeon)

   A truly terrible weapon, it drains the life of those it strikes.
   It affects your strength (+6).
   It lets you turn invisible.
 t - the +5 giant spiked club of Destruction {distort, *Corrode +Rage rPois rC+}
   (Trog gifted it to you in the Dungeon)

   It warps and distorts space around it.
   Unwielding it can cause banishment or high damage.
   It protects you from cold.
   It protects you from poison.
   It lets you go berserk.
   It may corrode you when you take damage.
Missiles
 a - 12 large rocks (quivered)
Armour
 i - +2 fire dragon scales (worn)
 v - a +2 cloak of invisibility (worn)
 w - +0 swamp dragon scales
 x - +0 fire dragon scales
 y - +0 ice dragon scales
 A - a +1 hat (worn)
Jewellery
 l - a +2 ring of evasion
 m - a +2 ring of evasion
 s - a ring of protection from cold (right claw)
 u - a ring of protection from cold (left claw)
 z - an amulet of regeneration (around neck)
Wands
 k - a wand of acid (10)
Scrolls
 j - 6 scrolls of remove curse
 o - 3 scrolls of enchant weapon
 p - 9 scrolls of identify
 q - 6 scrolls of fog
 C - 2 scrolls of enchant armour
 D - a scroll of fear
Potions
 c - 4 potions of curing
 f - 4 potions of magic
 g - 3 potions of berserk rage
 n - a potion of might
 r - a potion of lignification {unknown}
 B - a potion of agility
Comestibles
 b - 2 rations


   Skills:
 + Level 18.5 Fighting
 + Level 8.0 Maces & Flails
 + Level 0.0 Throwing
 + Level 18.4 Armour
 + Level 18.5 Dodging
 O Level 27 Unarmed Combat


You had 15 spell levels left.
You didn't know any spells.
Your spell library was empty.

Dungeon Overview and Level Annotations

Branches:
Dungeon (1/1)

Altars:
Cheibriados
Dithmenos
Elyvilon
Fedhas
Gozag
Hepliaklqana
Kikubaaqudgha
Makhleb
Nemelex Xobeh
Okawaru
Qazlal
Ru
Sif Muna
Trog
Uskayaw
Vehumet
Wu Jian
Xom
Yredelemnul
Zin
The Shining One
Beogh
Jiyva
Lugonu

Shops:
D [?%*

Annotations:
D Mennas


Innate Abilities, Weirdness & Mutations

You are too large for most types of armour.
You have claws for hands.
Your metabolism is lightning-fast.
You like to eat raw meat.
Your natural rate of healing is unusually fast.
You are covered in fur. (AC +1)
You have very tough skin. (AC +2)


Message History

* * * LOW HITPOINT WARNING * * *
Your cyclops barely misses Mennas.
Mennas hits you with an eudemon blade of holy wrath!
* * * LOW HITPOINT WARNING * * *
Mennas hits you but does no damage.
You feel better. Mennas hits you but does no damage.
Mennas hits you with an eudemon blade of holy wrath.
* * * LOW HITPOINT WARNING * * *
Your cyclops completely misses Mennas.
Mennas hits you but does no damage.
Mennas hits you with an eudemon blade of holy wrath!
* * * LOW HITPOINT WARNING * * *
Unknown command.
You feel yourself speed up. Mennas blocks your cyclops's attack.
Mennas hits you with an eudemon blade of holy wrath.
* * * LOW HITPOINT WARNING * * *
Mennas hits you with an eudemon blade of holy wrath!
* * * LOW HITPOINT WARNING * * *
Your cyclops completely misses Mennas.
Mennas hits you with an eudemon blade of holy wrath!
You die...

†................................
▓▓▓▓▓▓▓▓▓▓▓▓▓▓▓▓▓▓▓▓▓▓▓▓▓▓▓▓▓▓▓▓▓
.!...[[[[.[...))))))..."""=..'...
▓▓▓▓▓▓▓▓▓▓▓▓▓▓▓▓▓▓▓▓▓▓▓▓▓▓▓▓▓▓▓▓▓
............)..)......)..........
▓▓▓▓▓▓▓♣♣♣♣♣♣♣♣♣♣♣♣♣♣▓▓▓▓▓▓▓▓▓▓▓▓
......'...........††)..........))
▓▓▓▓▓▓▓♣♣♣♣♣♣♣♣♣♣♣♣♣♣▓▓▓▓▓▓▓▓▓▓▓▓
................@AC.......
▓▓▓▓▓▓▓▓▓▓▓▓▓▓▓▓▓▓▓▓▓▓▓▓▓▓


You could see Mennas and a friendly cyclops (berserk).

Vanquished Creatures
  Sojobo (D)
  Frederick (D)
  Margery (D)
  A tentacled monstrosity (D)
  A tengu reaver (D)
  Kirke (D)
  Agnes (D)
  A fire giant (D)
  5 nagarajas (D)
  A frost giant (D)
  2 ghost moths (D)
  5 emperor scorpions (D)
  A vault warden (D)
  2 ironheart preservers (D)
  2 stone giants (D)
  2 very ugly things (D)
  2 spark wasps (D)
  2 fire dragons (D)
  5 merfolk impalers (D)
  A yaktaur captain (D)
  2 ice dragons (D)
  A great orb of eyes (D)
  2 rakshasas (D)
  2 naga warriors (D)
  5 hydras (D)
  A death knight (D)
  2 alligators (D)
  7 two-headed ogres (D)
  3 centaur warriors (D)
  8 merfolk aquamancers (D)
  3 death yaks (D)
  A deep troll shaman (D)
  4 ogre magi (D)
  A deep troll earth mage (D)
  A tengu warrior (D)
  2 hell knights (D)
  A glowing orange brain (D)
  A wizard (D)
  2 sea snakes (D)
  7 swamp dragons (D)
  3 necromancers (D)
  3 ironbrand convokers (D)
  4 orc knights (D)
  4 wolf spiders (D)
  An orb spider (D)
  A deep elf mage (D)
  An orc sorcerer (D)
  A cyclops (D)
  2 salamanders (D)
  An ugly thing (D)
  A manticore (D)
  4 naga magi (D)
  A merfolk siren (D)
  3 black mambas (D)
  A vault sentinel (D)
  2 guardian serpents (D)
  4 freezing wraiths (D)
  A rime drake (D)
  An efreet (D)
  A komodo dragon (D)
  2 demonic crawlers (D)
  2 jumping spiders (D)
  3 merfolk (D)
  A wind drake (D)
  A hornet (D)
  A polar bear (D)
  A slime creature (D)
  A bog body (D)
  3 hippogriffs (D)
  3 redbacks (D)
  A tarantella (shapeshifter) (D)
  A tarantella (D)
  5 hogs (D)
  6 yaks (D)
  A steam dragon (D)
  Grum (D)
  A vampire mosquito (D)
  2 acid dragons (D)
  A warg (shapeshifter) (D)
  A naga (D)
  A soldier ant (shapeshifter) (D)
  4 water moccasins (D)
  2 porcupines (D)
  10 orc warriors (D)
  A swamp drake (D)
  A phantom (D)
  4 wolves (D)
  4 ogres (D)
  3 crocodiles (D)
  2 bullfrogs (D)
  A scorpion (D)
  5 orc priests (D)
  An iguana (D)
  3 orc wizards (D)
  2 worker ants (D)
  A gnoll (D)
  A shadow imp (D)
  An adder zombie (D)
  An adder simulacrum (D)
  2 leopard geckos (D)
  7 orcs (D)
  A frilled lizard (D)
  A kobold (D)
  A leopard gecko skeleton (D)
  2 rats (D)
234 creatures vanquished.

Vanquished Creatures (collateral kills)
  A tengu reaver (D)
  2 nagarajas (D)
  Ilsuiw (D)
  A great orb of eyes (D)
  A naga warrior (D)
  2 vault guards (D)
  An alligator (D)
  A spriggan druid (D)
  2 tyrant leeches (D)
  A naga (D)
13 creatures vanquished.

Vanquished Creatures (others)
  A cyclops (shapeshifter) (D)
1 creature vanquished.

Grand Total: 248 creatures vanquished

Notes
Turn   | Place    | Note
-------+----------+-------------------------------------------
     0 | D        | Groucho the Troll Berserker began the quest for the Orb.
     0 | D        | Reached XP level 1. HP: 22/22 MP: 0/0
    11 | D        | Reached ** piety under Trog
    30 | D        | Noticed an iguana
    40 | D        | Reached skill level 1 in Armour
    40 | D        | Reached XP level 2. HP: 29/29 MP: 1/1
    45 | D        | Reached *** piety under Trog
    45 | D        | Reached skill level 4 in Unarmed Combat
    56 | D        | Reached skill level 5 in Unarmed Combat
    56 | D        | Reached XP level 3. HP: 12/37 MP: 2/2
   191 | D        | Found a roughly hewn altar of Beogh.
   191 | D        | Found a snail-covered altar of Cheibriados.
   191 | D        | Found a shadowy altar of Dithmenos.
   191 | D        | Found a white marble altar of Elyvilon.
   191 | D        | Found a blossoming altar of Fedhas.
   191 | D        | Found an opulent altar of Gozag.
   192 | D        | Found a hazy altar of Hepliaklqana.
   193 | D        | Found a viscous altar of Jiyva.
   194 | D        | Found an ancient bone altar of Kikubaaqudgha.
   195 | D        | Found a corrupted altar of Lugonu.
   196 | D        | Found a burning altar of Makhleb.
   197 | D        | Found a sparkling altar of Nemelex Xobeh.
   198 | D        | Found an iron altar of Okawaru.
   199 | D        | Found a stormy altar of Qazlal.
   200 | D        | Found a sacrificial altar of Ru.
   201 | D        | Found a deep blue altar of Sif Muna.
   202 | D        | Found a bloodstained altar of Trog.
   203 | D        | Found a hide-covered altar of Uskayaw.
   204 | D        | Found a radiant altar of Vehumet.
   205 | D        | Found an ornate altar of the Wu Jian Council.
   206 | D        | Found a shimmering altar of Xom.
   207 | D        | Found a basalt altar of Yredelemnul.
   208 | D        | Found a glowing silver altar of Zin.
   209 | D        | Found a glowing golden altar of the Shining One.
   226 | D        | Found the +8 mithril axe "Arga" {speed, MR+}
   235 | D        | Noticed a scorpion
   235 | D        | Noticed a bullfrog
   235 | D        | Noticed a hippogriff
   235 | D        | Noticed a phantom
   242 | D        | Reached **** piety under Trog
   242 | D        | Reached XP level 4. HP: 48/48 MP: 3/3
   250 | D        | Killed a hippogriff
   250 | D        | Reached skill level 5 in Fighting
   250 | D        | Reached skill level 5 in Dodging
   250 | D        | Reached skill level 8 in Unarmed Combat
   250 | D        | Reached XP level 5. HP: 45/57 MP: 4/4
   252 | D        | Reached XP level 6. HP: 47/66 MP: 5/5
   255 | D        | Reached skill level 9 in Unarmed Combat
   272 | D        | Reached ***** piety under Trog
   272 | D        | Reached skill level 5 in Armour
   465 | D        | Noticed a six-headed hydra
   465 | D        | Noticed an orc warrior
   465 | D        | Noticed an acid dragon
   465 | D        | Noticed a centaur warrior
   473 | D        | Killed a centaur warrior
   473 | D        | Reached skill level 11 in Unarmed Combat
   473 | D        | Reached XP level 7. HP: 48/78 MP: 6/6
   473 | D        | Reached XP level 8. HP: 53/87 MP: 7/7
   478 | D        | Killed a ten-headed hydra
   478 | D        | Reached skill level 12 in Unarmed Combat
   487 | D        | Reached XP level 9. HP: 36/96 MP: 8/8
   489 | D        | Received a gift from Trog
   840 | D        | Noticed a black mamba
   842 | D        | Reached skill level 13 in Unarmed Combat
   854 | D        | Killed a black mamba
   867 | D        | Received a gift from Trog
   874 | D        | Reached skill level 14 in Unarmed Combat
  1322 | D        | Noticed a komodo dragon
  1324 | D        | Noticed a rime drake
  1327 | D        | Noticed a polar bear
  1334 | D        | Received a gift from Trog
  1339 | D        | Killed a komodo dragon
  1346 | D        | Reached XP level 10. HP: 89/107 MP: 9/9
  1355 | D        | Reached skill level 15 in Unarmed Combat
  1501 | D        | Noticed a death yak
  1501 | D        | Noticed a death yak
  1506 | D        | Noticed a death yak
  1507 | D        | Reached ****** piety under Trog
  1507 | D        | Received a gift from Trog
  1517 | D        | Killed a death yak
  1524 | D        | Killed a death yak
  1524 | D        | Reached skill level 10 in Fighting
  1524 | D        | Reached skill level 10 in Dodging
  1537 | D        | Killed a death yak
  1537 | D        | Reached skill level 10 in Armour
  1537 | D        | Reached skill level 16 in Unarmed Combat
  1704 | D        | Noticed an orc knight
  1706 | D        | Received a gift from Trog
  1737 | D        | Killed an orc knight
  1737 | D        | Reached XP level 11. HP: 60/119 MP: 10/10
  1744 | D        | Received a gift from Trog
  1922 | D        | Received a gift from Trog
  1926 | D        | Noticed an orc sorcerer
  1933 | D        | Noticed an orc knight
  1934 | D        | Received a gift from Trog
  1952 | D        | Killed an orc sorcerer
  1959 | D        | Killed an orc knight
  2020 | D        | Received a gift from Trog
  2024 | D        | Got a faintly glowing giant spiked club {god gift}
  2045 | D        | Found Gimedal's General Store.
  2045 | D        | Noticed an ogre mage
  2045 | D        | Noticed a two-headed ogre
  2045 | D        | Noticed an ogre mage
  2046 | D        | Noticed a two-headed ogre
  2050 | D        | Killed an ogre mage
  2050 | D        | Reached skill level 17 in Unarmed Combat
  2051 | D        | Noticed a two-headed ogre
  2055 | D        | Killed a two-headed ogre
  2056 | D        | Found Diuric's Food Shop.
  2061 | D        | Killed an ogre mage
  2064 | D        | Killed a two-headed ogre
  2069 | D        | Killed a two-headed ogre
  2069 | D        | Received a gift from Trog
  2070 | D        | Found Daply's Magic Scroll Boutique.
  2075 | D        | Found Liveof's Armour Shop.
  2078 | D        | Noticed a two-headed ogre
  2079 | D        | Noticed a two-headed ogre
  2079 | D        | Noticed a two-headed ogre
  2080 | D        | Noticed an ogre mage
  2083 | D        | Killed a two-headed ogre
  2083 | D        | Reached skill level 18 in Unarmed Combat
  2089 | D        | Killed a two-headed ogre
  2094 | D        | Killed a two-headed ogre
  2107 | D        | Killed an ogre mage
  2107 | D        | Received a gift from Trog
  2107 | D        | Reached XP level 12. HP: 86/132 MP: 11/11
  2144 | D        | Bought a potion of curing for 42 gold pieces
  2144 | D        | Bought a potion of heal wounds for 70 gold pieces
  2148 | D        | Bought a scroll of fog for 26 gold pieces
  2148 | D        | Bought a scroll of identify for 26 gold pieces
  2148 | D        | Bought a scroll of remove curse for 39 gold pieces
  2148 | D        | Bought a scroll of identify for 26 gold pieces
  2150 | D        | Bought a +2 cloak of invisibility for 279 gold pieces
  2295 | D        | Noticed Grum
  2305 | D        | Killed Grum
  2411 | D        | Noticed a centaur warrior
  2411 | D        | Noticed a two-headed ogre
  2417 | D        | Killed a two-headed ogre
  2417 | D        | Received a gift from Trog
  2418 | D        | Noticed a great orb of eyes
  2422 | D        | Noticed a yaktaur captain
  2422 | D        | Noticed a deep troll earth mage
  2426 | D        | Killed a centaur warrior
  2426 | D        | Reached skill level 19 in Unarmed Combat
  2432 | D        | Noticed a rakshasa
  2436 | D        | Noticed a fire dragon
  2442 | D        | Killed a great orb of eyes
  2442 | D        | Received a gift from Trog
  2458 | D        | Killed a yaktaur captain
  2468 | D        | Killed a deep troll earth mage
  2475 | D        | Killed a fire dragon
  2505 | D        | Received a gift from Trog
  2524 | D        | Killed a rakshasa
  2968 | D        | Noticed a merfolk aquamancer
  2981 | D        | Killed a merfolk aquamancer
  2981 | D        | Received a gift from Trog
  2981 | D        | Reached skill level 20 in Unarmed Combat
  3319 | D        | Noticed a cyan very ugly thing
  3319 | D        | Noticed an alligator
  3323 | D        | Received a gift from Trog
  3330 | D        | Noticed an alligator
  3343 | D        | Killed a cyan very ugly thing
  3343 | D        | Reached XP level 13. HP: 37/144 MP: 12/12
  3359 | D        | Received a gift from Trog
  3412 | D        | Noticed a nagaraja
  3413 | D        | Noticed a nagaraja
  3427 | D        | Killed a nagaraja
  3427 | D        | Received a gift from Trog
  3438 | D        | Reached skill level 21 in Unarmed Combat
  3442 | D        | Killed a nagaraja
  3450 | D        | Received a gift from Trog
  3913 | D        | Killed a ghost moth
  3913 | D        | Received a gift from Trog
  4235 | D        | Noticed Kirke
  4250 | D        | Killed Kirke
  4250 | D        | Received a gift from Trog
  4306 | D        | Noticed a spark wasp
  4311 | D        | Noticed a fire giant
  4317 | D        | Noticed a stone giant
  4324 | D        | Reached skill level 22 in Unarmed Combat
  4330 | D        | Noticed a tentacled monstrosity
  4333 | D        | Noticed a fire dragon
  4343 | D        | Received a gift from Trog
  4347 | D        | Killed a spark wasp
  4353 | D        | Killed a tentacled monstrosity
  4357 | D        | Killed a fire giant
  4366 | D        | Killed a stone giant
  4366 | D        | Reached XP level 14. HP: 89/157 MP: 13/13
  4370 | D        | Received a gift from Trog
  4388 | D        | Reached skill level 15 in Fighting
  4388 | D        | Reached skill level 15 in Dodging
  4390 | D        | Noticed a green very ugly thing
  4393 | D        | Noticed a frost giant
  4395 | D        | Reached skill level 23 in Unarmed Combat
  4398 | D        | Killed a green very ugly thing
  4402 | D        | Reached skill level 15 in Armour
  4404 | D        | Received a gift from Trog
  4410 | D        | Killed a frost giant
  4534 | D        | Noticed a vault warden
  4542 | D        | Received a gift from Trog
  4549 | D        | Noticed an ironheart preserver
  4551 | D        | Killed a vault warden
  4552 | D        | Noticed an ironheart preserver
  4557 | D        | Noticed a stone giant
  4569 | D        | Received a gift from Trog
  4575 | D        | Killed an ironheart preserver
  4580 | D        | Killed an ironheart preserver
  4585 | D        | Killed a stone giant
  4593 | D        | Reached skill level 24 in Unarmed Combat
  4597 | D        | Received a gift from Trog
  4614 | D        | Noticed Ilsuiw
  4617 | D        | Received a gift from Trog
  4628 | D        | Killed Ilsuiw
  4634 | D        | Received a gift from Trog
  4893 | D        | Noticed Margery
  4909 | D        | Killed Margery
  4914 | D        | Received a gift from Trog
  5095 | D        | Noticed Frederick
  5106 | D        | Killed Frederick
  5106 | D        | Reached skill level 25 in Unarmed Combat
  5106 | D        | Reached XP level 15. HP: 144/171 MP: 14/14
  5231 | D        | Received a gift from Trog
  5269 | D        | Noticed Agnes
  5277 | D        | Noticed a tengu reaver
  5280 | D        | Killed Agnes
  5281 | D        | Noticed Sojobo
  5302 | D        | Killed a tengu reaver
  5314 | D        | Killed Sojobo
  5487 | D        | Noticed a tengu reaver
  5493 | D        | Killed a tengu reaver
  5553 | D        | Noticed a nagaraja
  5553 | D        | Noticed a nagaraja
  5563 | D        | Received a gift from Trog
  5564 | D        | Noticed a nagaraja
  5571 | D        | Killed a nagaraja
  5585 | D        | Killed a nagaraja
  5585 | D        | Reached skill level 26 in Unarmed Combat
  5597 | D        | Killed a nagaraja
  5606 | D        | Received a gift from Trog
  5609 | D        | Received a gift from Trog
  5725 | D        | Noticed a nagaraja
  5732 | D        | Killed a nagaraja
  5741 | D        | Noticed a nagaraja
  5749 | D        | Killed a nagaraja
  5749 | D        | Received a gift from Trog
  5761 | D        | Got a serpentine rune of Zot
  6067 | D        | Identified the +5 giant spiked club of Destruction
                  | {distort, *Corrode +Rage rPois rC+} (Trog gifted it to you
                  | in the Dungeon)
  6160 | D        | Reached skill level 1 in Maces & Flails
  6449 | D        | Received a gift from Trog
  6470 | D        | Got a decaying rune of Zot
  6522 | D        | Received a gift from Trog
  6536 | D        | Killed a ghost moth
  6536 | D        | Reached skill level 5 in Maces & Flails
  6542 | D        | Got an ichor-stained giant spiked club {god gift}
  6567 | D        | Received a gift from Trog
  6569 | D        | Got a gossamer rune of Zot
  6939 | D        | Received a gift from Trog
  6939 | D        | Reached skill level 27 in Unarmed Combat
  6941 | D        | Reached XP level 16. HP: 155/185 MP: 15/15
  6944 | D        | Received a gift from Trog
  6974 | D        | Got a barnacled rune of Zot
  7333 | D        | Noticed Mennas
  7386 | D        | HP: 6/188 [Mennas/eudemon blade of holy wrath (8)]
  7386 | D        | Mangled by Mennas

Skill      XL: |  1  2  3  4  5  6  7  8  9 10 11 12 13 14 15 16 |
---------------+-------------------------------------------------+-----
Armour         | 1 2 4 6 7 8 10 11 13 14 16 18 | 18.4
Unarmed Combat | 5 8 11 12 14 16 18 20 22 25 27 | 27.0
Fighting       | 3 5 7 8 9 10 12 13 14 16 18 | 18.5
Dodging        | 3 5 7 8 9 10 12 13 14 16 18 | 18.5
Maces & Flails | 6 8 |  8.0

Action                   |  1- 3 |  4- 6 |  7- 9 | 10-12 | 13-15 | 16-18 || total
-------------------------+-------+-------+-------+-------+-------+-------++-------
Melee: Unarmed           |    45 |    23 |    69 |   338 |   433 |    55 ||   963
       Punch             |     1 |     1 |     6 |    50 |    79 |     3 ||   140
Throw: Large rock        |       |       |       |     2 |    10 |     2 ||    14
Invok: Trog's Hand       |     1 |     2 |     1 |     4 |    20 |     1 ||    29
       Berserk           |       |       |     1 |     1 |     3 |     1 ||     6
       Brothers in Arms  |       |       |       |       |     6 |     1 ||     7
  Use: Potion            |       |       |       |     1 |    18 |     5 ||    24
       Scroll            |       |       |       |       |     3 |       ||     3
 Stab: Invisible         |       |       |       |       |     9 |       ||     9
  Eat: Chunk             |     5 |       |    10 |     9 |    19 |     8 ||    51
       Ration            |       |       |     1 |     3 |     7 |       ||    11
Armor: Animal skin       |    14 |     5 |     8 |       |       |       ||    27
       Steam dragon scal |       |       |     5 |    46 |     1 |       ||    52
       Swamp dragon scal |       |       |       |       |    69 |       ||    69
       Fire dragon scale |       |       |       |       |    88 |    34 ||   122
Dodge: Dodged            |    18 |    19 |    42 |   175 |   306 |    43 ||   603
